 Dungeon Crawl Stone Soup version 0.30-a0-879-ga8ba668304 (webtiles) character file.

Game seed: 5112723031013080176

93 ragingrage the Slasher (level 4, -5/39 HPs)
             Began as an Armataur Monk on Mar 13, 2023.
             Slain by an iguana (13 damage)
             ... on level 3 of the Dungeon.
             The game lasted 00:02:12 (2633 turns).

ragingrage the Slasher (Armataur Monk)              Turns: 2633, Time: 00:02:12

Health: -5/39      AC:  4    Str: 17    XL:     4   Next: 37%
Magic:  4/4        EV: 10    Int: 10    God:
Gold:   80         SH:  0    Dex: 14    Spells: 3/3 levels left

rFire   . . .      SeeInvis +    a - +0 falchion
rCold   . . .      Faith    .    (no shield)
rNeg    . . .      Spirit   .    h - +0 robe
rPois   .          Reflect  .    (no helmet)
rElec   .          Roll     +    (no cloak)
rCorr   .                        (no gloves)
Will    .....                    (no barding)
Stlth   ++                       x - amulet of magic regeneration
HPRegen 0.26/turn                l - ring of see invisible
MPRegen 0.49/turn                (no ring)

@: no status effects
A: large, rugged brown scales 3, deformed body, armoured tail, roll, long
tongue, awkward tongue
a: no special abilities


You were on level 3 of the Dungeon.
You visited 1 branch of the dungeon, and saw 3 of its levels.

You collected 80 gold pieces.

Inventory:

Hand Weapons
 a - a +0 falchion (weapon)
 b - a +0 dagger
Missiles
 t - 3 poisoned darts (quivered)
 v - a throwing net
Armour
 h - a +0 robe (worn)
 w - a +0 helmet
Jewellery
 l - a ring of see invisible (left hand)
 x - an amulet of magic regeneration (around neck)
Scrolls
 d - 4 scrolls of identify {unknown}
 f - a scroll of poison {unknown}
 i - 3 scrolls of teleportation {unknown}
 j - 2 scrolls of immolation {unknown}
 o - 2 scrolls of vulnerability {unknown}
 p - a scroll of magic mapping {unknown}
 r - a scroll of blinking {unknown}
Potions
 c - 2 potions of ambrosia
 e - a potion of magic {unknown}
 g - 2 potions of resistance {unknown}
 k - a potion of berserk rage {unknown}
 m - a potion of haste {unknown}
 n - a potion of mutation {unknown}
 q - 2 potions of lignification {unknown}
 s - 3 potions of curing {unknown}
 u - a potion of cancellation {unknown}


   Skills:
 - Level 2.6 Fighting
 + Level 4.5 Long Blades
 - Level 2.1 Dodging
 - Level 3.0 Stealth


You had 3 spell levels left.
You didn't know any spells.
Your spell library contained the following spells:

 Spells                   Type           Power      Damage    Failure   Level
 Magic Dart               Conj           0%         1d3       36%         1
 Searing Ray              Conj           0%         2d4       50%         2
 Gell's Gravitas          Tloc           0%         N/A       75%         3
 Teleport Other           Tloc           0%         N/A       75%         3
 Fulminant Prism          Conj/Hex       0%         3d5       98%         4
 Dispersal                Tloc           0%         N/A       100%        6


Dungeon Overview and Level Annotations

Branches:
Dungeon (3/15)

Altars:

Annotations:
D:3 Robin


Innate Abilities, Weirdness & Mutations

You are completely covered in rugged brown scales. (AC +3, +7% HP)
Armour fits poorly on your strangely shaped body.
You have a long armoured tail.
You roll when moving toward enemies. (Rampage)
Your long tongue fully drains potion bottles. (2x potion effects)
Your tongue gives you trouble enunciating. (1.5x scroll delay)


Message History

w - a +0 helmet A hobgoblin comes into view.
The hobgoblin shouts!
Okay, then.
The hobgoblin completely misses you.
You hit the hobgoblin.
You kill the hobgoblin!
No target in view!
No target in view!
No target in view!
No target in view!
No target in view!
No target in view!
No target in view!
Okay, then.
You see here a hobgoblin corpse.
Found a stone staircase leading up.
There is a stone staircase leading up here.
x - an amulet of magic regeneration
q - 2 viscous golden potions (gained 1)
An iguana comes into view.
An iguana is nearby!
You start putting on your amulet.
You continue putting on your amulet of magic regeneration. x3
The iguana closely misses you.
You continue putting on your amulet of magic regeneration.
The iguana bites you!
You continue putting on your amulet of magic regeneration.
The iguana barely misses you.
You finish putting on your amulet of magic regeneration.
x - an amulet of magic regeneration (around neck)
You hit the iguana.
Your tail-slap misses the iguana.
The iguana bites you.
You closely miss the iguana. The iguana bites you.
You hit the iguana. The iguana bites you!
You barely miss the iguana. The iguana closely misses you.
You hit the iguana. The iguana misses you.
You hit the iguana.
Your tail-slap misses the iguana.
The iguana bites you!
* * * LOW HITPOINT WARNING * * *
The iguana bites you!
You die...

#.####### .........### ## .#
##....... .# #. ##....(### .#
####. #.....## .# ### ##...
##...## .# ##.## #.. ... ..#
##.## .###.#.## #.# #l# #.# #.#
.##.###.## #.# #@# #.# #.#
.#.#####.###.# #.# #.# ##'##
......###.##.# #.# #.# ##...##
##.##.##.###.# #.# #.###.....##
##.......# #.###.###.##.......#
#......#.###.##...##.#.........#
.....................'.........+
#...#.##.######...#.##.........#
##.##.##.# #..##.###.......##


You could see an iguana.

Vanquished Creatures
  2 adders (D:2)
  2 dart slugs (D:2)
  3 bats
  4 endoplasms
  A giant cockroach (D:3)
  9 goblins
  8 hobgoblins
  12 jackals
  A quokka (D:1)
  6 ball pythons
  4 frilled lizards
  6 kobolds
  5 rats
63 creatures vanquished.

Notes
Turn   | Place    | Note
-------+----------+-------------------------------------------
     0 | D:1      | ragingrage the Armataur Monk began the quest for the Orb.
     0 | D:1      | Reached XP level 1. HP: 19/19 MP: 1/1
    93 | D:1      | Reached skill level 3 in Long Blades
   121 | D:1      | Reached XP level 2. HP: 22/26 MP: 2/2
   313 | D:1      | Found a faded altar of an unknown god.
   643 | D:1      | Reached XP level 3. HP: 27/32 MP: 3/3
  1437 | D:2      | Reached skill level 4 in Long Blades
  1579 | D:2      | Reached XP level 4. HP: 39/39 MP: 4/4
  1926 | D:3      | Noticed Robin
  2633 | D:3      | Slain by an iguana

Illustrated notes

Levels and vault maps discovered:
D:1:      lightli_arrival_farm, layout_loops_ring,
          chequers_ecumenical_altar_simple_redux, dk_noncrumbling_4
D:2:      layout_basic
D:3:      layout_loops_corners, uniq_robin

Skill      XL: |  1  2  3 |
---------------+----------+-----
Long Blades    | 3 4 |  4.5
Stealth        | 3 |  3.0
Fighting       | |  2.6
Dodging        | |  2.1

Action                     |  1- 3 |  4- 6 || total
---------------------------+-------+-------++-------
  Melee: Falchion          |   115 |    37 ||   152
         Tailslap          |    19 |     5 ||    24
         Dagger            |     1 |       ||     1
         Punch             |     1 |     1 ||     2
   Stab: Sleeping          |     3 |     1 ||     4
         Distracted        |     1 |       ||     1
 Armour: Robe              |    41 |     9 ||    50
  Dodge: Dodged            |    52 |    23 ||    75

Table legend: (Time is in decaauts)
 A = Elapsed time spent in this place.
 B = Non-inter-level travel time spent in this place.
 C = Inter-level travel time spent in this place.
 D = Time resting spent in this place.
 E = Time spent auto-exploring this place.
 F = Levels seen in this place.
 G = Mean time per level.
                   A        B        C        D        E       F      G
               +--------+--------+--------+--------+--------+-----+--------+
         Total |   2653 |   2562 |     91 |    424 |   1708 |   3 |  884.3 |
       Dungeon |   2653 |   2562 |     91 |    424 |   1708 |   3 |  884.3 |
               +--------+--------+--------+--------+--------+-----+--------+

Top non-repeatable levels by time:
     D:1: 1049 daAuts
     D:2: 877 daAuts
     D:3: 725 daAuts
